 Dungeon Crawl Stone Soup version 0.28.0-43-g3370ac3207 (webtiles) character file.

Game seed: 16759497660944048578

1302 egresovca the Magician (level 8, -10/58 HPs)
             Began as a Djinni Fire Elementalist on Mar 1, 2022.
             Was an Initiate of Ashenzari.
             Mangled by Prince Ribbit (17 damage)
             ... on level 6 of the Dungeon.
             The game lasted 00:08:35 (7711 turns).

egresovca the Magician (Djinni Fire Elementalist)   Turns: 7711, Time: 00:08:36

Health: -10/58     AC:  4    Str:  9    XL:     8   Next: 87%
Gold:   339        EV: 13    Int: 17    God:    Ashenzari [......] SH:  0 Dex: 14

rFire   + + .      SeeInvis .   a - +3 mace
rCold   x . .      Faith    .   (no shield)
rNeg    . . .      Spirit   .   q - +0 leather armour
rPois   ∞          Reflect  .   (no helmet)
rElec   .          Harm     .   i - +0 cloak
rCorr   .          Rampage  .   (no gloves)
Will    .....                   (boots unavailable)
Stlth   ++........              (no amulet)
HPRegen 0.19/turn               (no ring)
MPRegen 0.00/turn               (no ring)

@: flying, very slightly contaminated
A: sickness immunity, fire resistance 2, cold vulnerability 1, float, innate
caster, HP casting, extra vitality 1
a: Renounce Religion


You were on level 6 of the Dungeon.
You worshipped Ashenzari.
Ashenzari was noncommittal.
You visited 2 branches of the dungeon, and saw 7 of its levels.

You collected 339 gold pieces.

Inventory:

Hand Weapons
 a - a +3 mace (weapon)
Missiles
 f - a throwing net
Armour
 i - a +0 cloak (worn)
 k - a +2 pair of boots
 q - a +0 leather armour (worn)
Wands
 j - a wand of polymorph (8)
 l - a wand of acid (10)
Scrolls
 d - 8 scrolls of identify {unknown}
 e - a scroll of fear {unknown}
 g - 2 scrolls of teleportation {unknown}
 n - a scroll of magic mapping {unknown}
 p - a scroll of enchant weapon {unknown}
 s - a scroll of vulnerability {unknown}
Potions
 b - 2 potions of lignification {unknown}
 c - 3 potions of heal wounds {unknown}
 h - a potion of cancellation {unknown}
 m - a potion of degeneration {unknown}
 o - 2 potions of attraction {unknown}
 r - 2 potions of might


   Skills:
 + Level 4.8 Fighting
 - Level 1.0 Armour
 + Level 5.8 Dodging
 - Level 1.5 Stealth
 * Level 5.9 Spellcasting


You couldn't memorise any spells.
You knew the following spells:

 Your Spells              Type           Power      Damage    Failure   Level
a - Foxfire               Conj/Fire      100%       2x1d9     1%          1
b - Scorch                Fire           50%        2d8       2%          2
c - Conjure Flame         Conj/Fire      25%        6-21      4%          3
d - Inner Flame           Hex/Fire       25%        N/A       4%          3
e - Flame Wave            Conj/Fire      25%        2d7       16%         4
f - Slow                  Hex            100%       N/A       1%          1
g - Blink                 Tloc           50%        N/A       2%          2
h - Mephitic Cloud        Conj/Pois/Air  25%        N/A       4%          3
Your spell library was empty.

Dungeon Overview and Level Annotations

Branches:
Dungeon (6/15)             Temple (1/1) D:5

Altars:
Ashenzari
Cheibriados
Dithmenos
Elyvilon
Fedhas
Gozag
Hepliaklqana
Kikubaaqudgha
Makhleb
Nemelex Xobeh
Okawaru
Qazlal
Ru
Sif Muna
Trog
Uskayaw
Vehumet
Xom
Yredelemnul
Zin
The Shining One

Annotations:
D:6 Prince Ribbit


Innate Abilities, Weirdness & Mutations

You are immune to sickness and miasma.
You are immune to poison.
Your flesh is very heat resistant. (rF++)
You are vulnerable to cold. (rC-)
You float through the air rather than walking.
You learn spells naturally, not from books.
Your magical power is your life essence.
You have superior vitality. (+4 MHP)


Message History

Unknown command.
A wave of flame ripples out!
The flame wave engulfs Prince Ribbit.
Prince Ribbit is lightly wounded.
The flame wave engulfs the orc wizard!
You kill the orc wizard!
You finish channelling waves of flame.
Prince Ribbit misses you.
Unknown command.
Casting: Flame Wave (dangerous; 16% risk of failure)
Confirm with . or Enter, or press ? or * to list all spells.
Flames lash Prince Ribbit.
Prince Ribbit is moderately wounded.
Prince Ribbit's fire resistance burns away.
Prince Ribbit barely misses you.
Your magical contamination has completely faded away.
Unknown command.
Casting: Scorch (safe; 2% risk of failure)
Confirm with . or Enter, or press ? or * to list all spells.
Casting: Flame Wave (dangerous; 16% risk of failure)
Press: ? - help, Dir - look around, f - activate You miscast Flame Wave.
You are very lightly contaminated with residual magic.
Nothing appears to happen.
Prince Ribbit barely misses you. x2
Unknown command.
Unknown command.
Casting: Flame Wave (dangerous; 16% risk of failure)
Confirm with . or Enter, or press ? or * to list all spells.
Casting: Flame Wave (dangerous; 16% risk of failure)
Press: ? - help, Dir - look around, f - activate You miscast Flame Wave.
Nothing appears to happen.
* * * LOW HITPOINT WARNING * * *
Prince Ribbit hits you!
* * * LOW HITPOINT WARNING * * *
Unknown command.
Unknown command.
Casting: Flame Wave (dangerous; 16% risk of failure)
Confirm with . or Enter, or press ? or * to list all spells.
You conjure some foxfire!
* * * LOW HITPOINT WARNING * * *
Prince Ribbit hits you!
You die...

#.......#
#.[.....#
#.......#
#....>..#
#.......#
#>......#
#.......# ####
#..>....#
#v@####.......#
#.Fv.##.......#
#)##.##).######
#.)##....######
#)####.#......##
# ..
#.######..### #
.## ..# ##...###
.# #### ###..##
## ##...


You could see Prince Ribbit (combustible, ally target).

Vanquished Creatures
  Sigmund (D:3)
  An orc warrior (D:6)
  A sky beast (D:6)
  An ice beast (D:5)
  2 ogres
  A phantom (D:5)
  A wyvern zombie (D:4)
  2 scorpions
  A hound (D:6)
  A centaur zombie (D:5)
  An orc priest (D:4)
  A jelly (D:4)
  2 iguanas
  Natasha (thrice) (D:3)
  An orc wizard (D:6)
  A howler monkey skeleton (D:6)
  7 adders
  2 ufetubi (D:6)
  2 adder skeletons (D:4)
  A worm (D:2)
  7 dart slugs
  5 orcs
  7 endoplasms
  5 giant cockroaches
  5 goblins
  9 hobgoblins
  8 jackals
  6 kobolds
  5 ball pythons
  4 bats
  3 frilled lizards
  5 rats
102 creatures vanquished.

Vanquished Creatures (collateral kills)
  3 foxfires (D:4)
3 creatures vanquished.

Vanquished Creatures (others)
  282 foxfires
  39 plants (D:4)
321 creatures vanquished.

Grand Total: 426 creatures vanquished

Notes
Turn   | Place    | Note
-------+----------+-------------------------------------------
     0 | D:1      | egresovca the Djinni Fire Elementalist began the quest for
                  | the Orb.
     0 | D:1      | Reached XP level 1. HP: 15/15 MP: 0/0
   122 | D:1      | Found a faded altar of an unknown god.
   287 | D:1      | Reached XP level 2. HP: 12/22 MP: 0/0
   836 | D:1      | Reached XP level 3. HP: 16/26 MP: 0/0
   836 | D:1      | Learned a level 1 spell: Slow
  1140 | D:1      | Reached skill level 1 in Fighting
  1140 | D:1      | Reached skill level 1 in Armour
  1834 | D:2      | Noticed an ogre
  1842 | D:2      | Killed an ogre
  1843 | D:2      | Reached XP level 4. HP: 24/33 MP: 0/0
  1843 | D:2      | Reached XP level 5. HP: 28/38 MP: 0/0
  1843 | D:2      | Learned a level 2 spell: Blink
  3618 | D:3      | Noticed Natasha
  3623 | D:3      | Killed Natasha
  3624 | D:3      | Reached XP level 6. HP: 36/44 MP: 0/0
  3938 | D:3      | Noticed Sigmund
  3949 | D:3      | Killed Sigmund
  3950 | D:3      | Reached XP level 7. HP: 36/50 MP: 0/0
  3950 | D:3      | Learned a level 3 spell: Mephitic Cloud
  4190 | D:3      | Noticed Natasha
  4195 | D:3      | Killed Natasha
  4495 | D:3      | Noticed Natasha
  4498 | D:3      | Killed Natasha
  5872 | D:5      | Entered Level 5 of the Dungeon
  5920 | D:5      | Reached skill level 5 in Spellcasting
  5920 | D:5      | Reached XP level 8. HP: 52/58 MP: 0/0
  6036 | D:5      | Reached skill level 5 in Dodging
  6476 | D:5      | Found a staircase to the Ecumenical Temple.
  6510 | Temple   | Entered the Ecumenical Temple
  6707 | Temple   | Became a worshipper of Ashenzari the Shackled
  7703 | D:6      | Noticed Prince Ribbit
  7711 | D:6      | Mangled by Prince Ribbit

Illustrated notes

Levels and vault maps discovered:
D:1:      scummos_arrival_hexagon, layout_basic,
          hellmonk_ecumenical_altar_blasted
D:2:      layout_basic, kennysheep_generic_room_14
D:3:      layout_basic, uniq_sigmund, uniq_natasha
D:4:      layout_loops_ring, serial_bayou, serial_bayou_shore_b,
          serial_bayou_lagoon_a, serial_bayou_pond_e, serial_bayou_shore_a,
          serial_bayou_pond_b, serial_bayou_pond_a
D:5:      layout_cave_pools, minmay_temple_entry_glassed_door,
          chequers_serial_rivers_micro_e
D:6:      layout_rooms, nzn_wu_jian_contemplation, uniq_prince_ribbit1
Temple:   mainiacjoe_temple_circle_huts

Skill      XL: |  1  2  3  4  5  6  7  8 |
---------------+-------------------------+-----
Fighting       | 1 2 3 4 |  4.8
Armour         | 1 |  1.0
Dodging        | 3 4 5 |  5.8
Spellcasting   | 3 4 5 |  5.9
Stealth        | |  1.5

Action                   |  1- 3 |  4- 6 |  7- 9 || total
-------------------------+-------+-------+-------++-------
Melee: Mace              |       |       |     2 ||     2
       Unarmed           |       |       |     1 ||     1
 Cast: Foxfire           |    62 |    53 |    83 ||   198
       Scorch            |    14 |    20 |    30 ||    64
       Flame Wave        |       |     3 |     2 ||     5
Armor: Robe              |       |     5 |     2 ||     7
       Leather armour    |       |       |     3 ||     3
Dodge: Dodged            |     3 |    12 |    24 ||    39
